 Dungeon Crawl Stone Soup version 0.20.2-3-g29329e0561 (webtiles) character file.

426 Alfie the Skirmisher (level 6, -3/56 HPs)
             Began as a Hill Orc Fighter on Apr 16, 2024.
             Killed by divine providence
             ... invoked by an orc priest
              (16 damage)
             ... on level 4 of the Dungeon.
             The game lasted 00:06:11 (1937 turns).

Alfie the Skirmisher (Hill Orc Fighter)             Turns: 1937, Time: 00:06:13

Health: -3/56      AC:  8    Str: 21    XL:     6   Next: 97%
Magic:  6/6        EV:  8    Int:  8    God:
Gold:   168        SH: 10    Dex: 10    Spells: 5/5 levels left

rFire    . . .     SeeInvis .   a - +0 rapier
rCold    + . .     Gourm    .   c - +0 shield
rNeg     . . .     Faith    .   b - +0 scale mail
rPois    .         Spirit   .   (no helmet)
rElec    .         Reflect  .   (no cloak)
rCorr    .         Harm     .   h - +0 pair of gloves
MR       .....                  (no boots)
Stlth    ..........             (no amulet)
Regen    0.2/turn               n - ring of protection from cold (curse)
MPRegen  0.1/turn               i - ring of wizardry

@: no status effects
A: no striking features
a: Convert to Beogh


You were on level 4 of the Dungeon.
You were not hungry.

You visited 1 branch of the dungeon, and saw 4 of its levels.

You collected 168 gold pieces.

Inventory:

Hand Weapons
 a - a +0 rapier (weapon)
Missiles
 p - 2 tomahawks (quivered)
Armour
 b - a +0 scale mail (worn)
 c - a +0 shield (worn)
 h - a +0 pair of gloves (worn)
Jewellery
 i - a ring of wizardry (right hand)
 n - a cursed ring of protection from cold (left hand)
Wands
 e - a wand of random effects (11/48)
Scrolls
 j - a scroll of identify
 l - 3 scrolls of amnesia
Potions
 d - a potion of heal wounds {unknown}
 k - 2 potions of agility {unknown}
 m - 3 potions of curing
 o - a potion of flight {unknown}
Comestibles
 f - a bread ration
 g - 2 meat rations


   Skills:
 + Level 5.0 Fighting
 + Level 4.4 Short Blades
 + Level 4.2 Armour
 + Level 1.3 Dodging
 + Level 0.1 Stealth
 + Level 5.0 Shields


You had 5 spell levels left.
You didn't know any spells.

Dungeon Overview and Level Annotations

Branches:
Dungeon (4/15)             Temple (0/1) D:4

Altars:
Makhleb
Ru
Sif Muna


Message History

Your shield prevents you from hitting the orc wizard.
The orc wizard barely misses you.
You closely miss the orc wizard.
The orc wizard hits you but does no damage.
The orc priest shouts, "Surrender to Beogh and we'll let you live!"
You puncture the orc wizard!
The orc wizard is severely wounded.
The orc priest mumbles some strange prayers to Beogh against you.
Beogh smites you!
* * * LOW HITPOINT WARNING * * *
The orc wizard hits you but does no damage.
It was a potion of curing.
You feel better.
The orc wizard hits you but does no damage.
You hit the orc wizard.
The orc wizard is almost dead.
The orc priest begins to cast a cantrip, but forgets the words!
The orc wizard misses you.
The orc priest invokes the aid of Beogh against you.
Beogh smites you!
You die...

#.#..###'###
#..[........
#...>.......
#...........
#...........
#...........
#...........
##########...........
#ooo@.........#######
#.#########...#
#....o... ##..#
...(.....8...8. #..#
..####.......o. #..#
#..........⌠#..#
#..........$#.##
##..8...8..##.#
#........# #.#


You could see an orc priest, an orc wizard and an orc.

Vanquished Creatures
  Sigmund (D:3)
  The ghost of Alfie the Shield-Bearer, an amateur HOFi (D:4)
  A hound (D:2)
  4 adders
  2 worms
  2 dart slugs (D:1)
  2 leopard geckos (D:1)
  2 orcs
  A ball python (D:1)
  A giant cockroach (D:1)
  15 goblins
  2 hobgoblins
  10 kobolds
  2 quokkas
  5 bats
  6 frilled lizards (D:1)
  4 rats (D:1)
61 creatures vanquished.

Notes
Turn   | Place    | Note
-------+----------+-------------------------------------------
     0 | D:1      | Alfie the Hill Orc Fighter began the quest for the Orb.
     0 | D:1      | Reached XP level 1. HP: 19/19 MP: 1/1
   130 | D:1      | Reached XP level 2. HP: 20/27 MP: 2/2
   457 | D:1      | Reached XP level 3. HP: 27/33 MP: 3/3
  1115 | D:2      | Reached XP level 4. HP: 35/40 MP: 4/4
  1173 | D:2      | Found a burning altar of Makhleb.
  1352 | D:2      | Found a deep blue altar of Sif Muna.
  1387 | D:3      | Noticed Sigmund
  1399 | D:3      | Killed Sigmund
  1399 | D:3      | Reached skill level 1 in Dodging
  1399 | D:3      | Reached XP level 5. HP: 8/47 MP: 5/5
  1399 | D:3      | Reached XP level 6. HP: 9/53 MP: 6/6
  1498 | D:3      | Found a faded altar of an unknown god.
  1523 | D:3      | Found a sacrificial altar of Ru.
  1827 | D:4      | Noticed Alfie's ghost (amateur HOFi)
  1848 | D:4      | Killed Alfie's ghost
  1848 | D:4      | Reached skill level 5 in Fighting
  1848 | D:4      | Reached skill level 5 in Shields
  1849 | D:4      | Found a staircase to the Ecumenical Temple.
  1937 | D:4      | Killed from afar by an orc priest

Skill      XL: |  1  2  3  4  5  6 |
---------------+-------------------+-----
Fighting       | 4 5 |  5.0
Shields        | 4 5 |  5.0
Short Blades   | 4 |  4.4
Dodging        | 1 |  1.3
Armour         | 4 |  4.2
Stealth        | |  0.1

Action                   |  1- 3 |  4- 6 || total
-------------------------+-------+-------++-------
Melee: Rapier            |   138 |   125 ||   263
  Use: Scroll            |       |     2 ||     2
       Potion            |       |     2 ||     2
  Eat: Royal jelly       |     1 |     1 ||     2
Armor: Scale mail        |    59 |    55 ||   114
Dodge: Dodged            |    48 |    34 ||    82
Block: Shield            |    76 |    61 ||   137
